 Dungeon Crawl Stone Soup version 0.30.0-20-g3615ddf2f0 (webtiles) character file.

Game seed: 1607238141482643960

2327 qw the Cleaver (level 9, -4/55 HPs)
             Began as a Gargoyle Fighter on May 28, 2023.
             Slain by a yak (9 damage)
             ... on level 7 of the Dungeon.
             The game lasted 00:04:05 (5690 turns).

qw the Cleaver (Gargoyle Fighter)                   Turns: 5690, Time: 00:04:06

Health: -4/55      AC: 18    Str: 31    XL:     9   Next: 42%
Magic:  9/9        EV:  9    Int:  8    God:
Gold:   284        SH:  4    Dex:  9    Spells: 8/8 levels left

rFire   . . .        Y - +2 war axe (heavy)
rCold   . . .        c - +0 buckler
rNeg    + . .        n - +0 chain mail
rPois   inf          (no helmet)
rElec   +            g - +0 cloak
rCorr   .            p - +0 pair of gloves
SInv    .            (no boots)
Will    .....        (no amulet) Stlth
                     f - +6 ring of strength
HPRegen 0.29/turn    (no ring)
MPRegen 0.11/turn

%: no passive effects
@: no status effects
A: sickness immunity, AC +6, negative energy resistance 1, electricity
resistance, torment resistance 1, petrification resistance
a: no special abilities


You were on level 7 of the Dungeon.
You visited 2 branches of the dungeon, and saw 8 of its levels.

You collected 284 gold pieces.


Innate Abilities, Weirdness & Mutations

You are immune to sickness and miasma.
Your stone body is resilient. (AC +6)
You are immune to poison.
You resist negative energy. (rN+)
You are resistant to electric shocks. (rElec)
You are resistant to unholy torment.
You are immune to petrification.


   Skills:
 + Level 6.0 Fighting
 - Level 9.4 Axes
 - Level 2.2 Throwing
 - Level 4.1 Armour
 - Level 1.6 Dodging
 - Level 4.9 Shields


You had 8 spell levels left.
You didn't know any spells.
Your spell library was empty.

Inventory:

Hand Weapons
 e - a +0 morningstar
 Y - a +2 heavy war axe (weapon)
Missiles
 m - a boomerang (quivered)
Armour
 c - a +0 buckler (worn)
 g - a +0 cloak (worn)
 n - a +0 chain mail (worn)
 p - a +0 pair of gloves (worn)
Jewellery
 f - a +6 ring of strength (left hand)
Wands
 o - a wand of digging (5)
Scrolls
 a - a scroll of identify
Potions
 d - a potion of might
 i - 3 potions of attraction
 j - 2 potions of curing
 k - a potion of lignification

Dungeon Overview and Level Annotations

Branches:
Dungeon (7/15)             Temple (1/1) D:4

Altars:
Ashenzari
Cheibriados
Dithmenos
Elyvilon
Fedhas
Gozag
Hepliaklqana
Kikubaaqudgha
Makhleb
Qazlal
Ru
Trog
Uskayaw
Vehumet
Wu Jian
Xom
Zin
The Shining One


Message History

You block the yak's attack. x2; The yak barely misses you.
The yak closely misses you.
You slice the yak!!
You kill the yak!
You hit the yak. The yak completely misses you.
You barely miss the yak.
The yak is heavily wounded.
The yak gores you but does no damage. x2
You barely miss the yak.
The yak is heavily wounded.
The yak barely misses you.
You slice the yak!!
The yak is almost dead.
The yak closely misses you. The yak gores you.
You barely miss the yak.
The yak is almost dead.
The yak gores you! You block the yak's attack.
You barely miss the yak.
The yak is almost dead.
The yak gores you but does no damage.
You hit the yak but do no damage.
The yak is almost dead.
The yak gores you but does no damage. x2
You closely miss the yak.
The yak is almost dead.
The yak gores you but does no damage.
You slice the yak!!
You kill the yak!
You block the yak's attack.
Your Shields skill increases to level 4!
You slash the yak!
The yak is heavily wounded.
You block the yak's attack.
You slice the yak!!
You kill the yak!
The yak gores you but does no damage.
You barely miss the yak. The yak gores you!
You die...

.?.....
.....Y....
.....h... #.
##.....Y..
#...###........
........### _.#
#######...# ..#
#<......#.##.##.#
######..#.@Y....#
#..####.####
#/... ... ##.###
.### ..# .. ..#
.# #.. .$ _.


You could see a yak.

Vanquished Creatures
  Grinder (D:5)
  5 yaks (D:7)
  Menkaure (D:5)
  2 black bears
  2 sky beasts
  An ogre (D:5)
  A centaur (D:5)
  A phantom (D:4)
  A kobold brigand (D:6)
  A scorpion (D:5)
  2 bullfrogs
  2 orc priests (D:6)
  Ijyb (D:5)
  4 iguanas
  An orc wizard (D:6)
  3 gnolls (D:4)
  12 adders
  2 white imps
  A worm (D:4)
  A dart slug (D:1)
  19 orcs
  5 bats
  7 endoplasms
  3 giant cockroaches
  7 goblins
  4 hobgoblins
  7 jackals
  12 kobolds
  A quokka (D:3)
  6 ball pythons
  A frilled lizard (D:2)
  2 rats
  A butterfly (D:4)
120 creatures vanquished.

Notes
Turn   | Place    | Note
-------+----------+-------------------------------------------
     0 | D:1      | qw the Gargoyle Fighter began the quest for the Orb.
     0 | D:1      | Reached XP level 1. HP: 14/14 MP: 1/1
     0 | D:1      | 0 ||| qw: Version: 0.2-a-100-g4e38944
     0 | D:1      | 0 ||| qw: Game counter: 208
     0 | D:1      | 0 ||| qw: Always use a shield: true
     0 | D:1      | 0 ||| qw: God list: Okawaru
     0 | D:1      | 0 ||| qw: Allow faded altars: false
     0 | D:1      | 0 ||| qw: Do Orc after D:15 true
     0 | D:1      | 0 ||| qw: Do second Lair branch before Depths: true
     0 | D:1      | 0 ||| qw: Lair rune preference: random
     0 | D:1      | 0 ||| qw: Plans: Normal, Zot:1-4, God:TSO, Crypt, Tomb,
                  | Pan, Slime:5, Hells, Abyss, Win
     0 | D:1      | 0 ||| PLANNING D:1-11
    61 | D:1      | Reached skill level 2 in Axes
   103 | D:1      | Reached XP level 2. HP: 19/19 MP: 2/2
   586 | D:1      | Reached skill level 3 in Axes
   665 | D:1      | 665 ||| UPGRADING to +0 cloak.
   670 | D:1      | 670 ||| READING scroll labelled ZELIKYRIXY.
   671 | D:1      | 671 ||| READING scroll labelled HECKOFENEA.
   672 | D:1      | 672 ||| DRINKING 2 puce potions.
   889 | D:2      | Reached XP level 3. HP: 23/23 MP: 3/3
  1038 | D:2      | 1038 ||| Stepping ~*~*~tactically~*~*~ (stealth).
  1358 | D:2      | 1358 ||| READING scroll labelled KASHEF KOERHOZ.
  1359 | D:2      | 1359 ||| READING scroll labelled FUUCUO KOATUON.
  1368 | D:3      | Found a faded altar of an unknown god.
  1451 | D:3      | 1451 ||| DROPPING +0 club.
  1452 | D:3      | 1452 ||| DROPPING +0 whip.
  1475 | D:3      | Reached XP level 4. HP: 28/28 MP: 4/4
  1477 | D:3      | 1477 ||| DROPPING +0 flail.
  1496 | D:3      | 1496 ||| Stepping ~*~*~tactically~*~*~ (stealth).
  1497 | D:3      | 1497 ||| Stepping ~*~*~tactically~*~*~ (stealth).
  1511 | D:3      | 1511 ||| Stepping ~*~*~tactically~*~*~ (hiding).
  1535 | D:3      | 1535 ||| Stepping ~*~*~tactically~*~*~ (stealth).
  1556 | D:3      | Reached skill level 4 in Axes
  1591 | D:3      | Found a shadowy altar of Dithmenos.
  1607 | D:3      | 1607 ||| Stepping ~*~*~tactically~*~*~ (stealth).
  2126 | D:3      | Reached XP level 5. HP: 32/32 MP: 5/5
  2516 | D:3      | 2516 ||| UPGRADING to +0 chain mail.
  2526 | D:3      | 2526 ||| DROPPING +0 scale mail.
  2527 | D:3      | 2527 ||| DROPPING amulet of faith.
  2528 | D:3      | 2528 ||| UPGRADING to +6 ring of strength.
  2529 | D:3      | 2529 ||| READING scroll labelled APAILE UFON.
  2530 | D:3      | 2530 ||| READING scroll labelled BEMPE POJEIROG.
  2531 | D:3      | 2531 ||| DRINKING 2 viscous ruby potions.
  2532 | D:3      | 2532 ||| READING 4 scrolls of identify.
  2532 | D:3      | 2532 ||| IDENTIFYING fuming ruby potion
  2533 | D:3      | 2533 ||| READING 3 scrolls of identify.
  2533 | D:3      | 2533 ||| IDENTIFYING smoky orange potion
  2534 | D:3      | 2534 ||| DROPPING potion of flight.
  2594 | D:4      | Found a staircase to the Ecumenical Temple.
  2595 | D:4      | 2595 ||| PLANNING TEMPLE
  2602 | Temple   | Entered the Ecumenical Temple
  2614 | Temple   | 2614 ||| PLANNING D:1-11
  2792 | D:4      | 2792 ||| Stepping ~*~*~tactically~*~*~ (stealth).
  2794 | D:4      | 2794 ||| Stepping ~*~*~tactically~*~*~ (hiding).
  2795 | D:4      | 2795 ||| Stepping ~*~*~tactically~*~*~ (hiding).
  2796 | D:4      | 2796 ||| Stepping ~*~*~tactically~*~*~ (hiding).
  2798 | D:4      | 2798 ||| Stepping ~*~*~tactically~*~*~ (hiding).
  2808 | D:4      | Reached skill level 5 in Axes
  2811 | D:4      | HP: 7/32 [gnoll/+0 spear (4)]
  2814 | D:4      | HP: 1/32 [gnoll/+0 spear (6)]
  3038 | D:4      | Noticed a phantom
  3054 | D:4      | Killed a phantom
  3055 | D:4      | Reached XP level 6. HP: 39/39 MP: 6/6
  3555 | D:4      | 3555 ||| READING scroll labelled WAAP NOJEN.
  3556 | D:4      | 3556 ||| READING scroll labelled WUBIPE JEQAPT.
  3557 | D:4      | 3557 ||| READING 2 scrolls of identify.
  3557 | D:4      | 3557 ||| IDENTIFYING orange potion
  3565 | D:5      | Entered Level 5 of the Dungeon
  3570 | D:5      | 3570 ||| STAIRDANCE
  3687 | D:5      | Reached skill level 6 in Axes
  3687 | D:5      | Reached XP level 7. HP: 28/44 MP: 7/7
  3848 | D:5      | Reached skill level 1 in Dodging
  3949 | D:5      | Noticed Grinder
  3951 | D:5      | 3951 ||| Stepping ~*~*~tactically~*~*~ (hiding).
  3955 | D:5      | Killed Grinder
  4056 | D:5      | Found a hazy altar of Hepliaklqana.
  4093 | D:5      | Reached skill level 7 in Axes
  4098 | D:5      | Noticed Menkaure
  4104 | D:5      | Killed Menkaure
  4105 | D:5      | Reached XP level 8. HP: 14/49 MP: 8/8
  4296 | D:5      | Found a radiant altar of Vehumet.
  4296 | D:5      | Noticed Ijyb
  4300 | D:5      | Killed Ijyb
  4571 | D:5      | 4571 ||| READING 2 scrolls labelled XADWEV SAZY.
  4572 | D:5      | 4572 ||| READING 3 scrolls of identify.
  4572 | D:5      | 4572 ||| IDENTIFYING glowing green potion
  4573 | D:5      | 4573 ||| DROPPING potion of degeneration.
  4574 | D:5      | 4574 ||| DROPPING scroll of magic mapping.
  4614 | D:6      | 4614 ||| PLANNING SEWER
  4625 | D:6      | 4625 ||| Stepping ~*~*~tactically~*~*~ (stealth).
  4666 | D:6      | Found a shimmering altar of Xom.
  4669 | D:6      | Found a glowing golden altar of the Shining One.
  4698 | D:6      | 4698 ||| READING scroll of enchant weapon.
  4698 | D:6      | 4698 ||| ENCHANTING +1 heavy war axe.
  4772 | D:6      | Reached skill level 8 in Axes
  4905 | D:6      | 4905 ||| Stepping ~*~*~tactically~*~*~ (stealth).
  4921 | D:6      | Reached skill level 6 in Fighting
  5042 | D:6      | 5042 ||| Stepping ~*~*~tactically~*~*~ (hiding).
  5095 | D:6      | 5095 ||| Stepping ~*~*~tactically~*~*~ (hiding).
  5195 | D:6      | Found a glowing drain.
  5196 | D:6      | 5196 ||| UPGRADING to +0 pair of gloves.
  5201 | D:6      | 5201 ||| READING scroll labelled VIOGIXK RIYR.
  5202 | D:6      | 5202 ||| READING scroll labelled WOTIBI LOK MURPHU.
  5203 | D:6      | 5203 ||| READING scroll labelled AKICVO HIEK.
  5204 | D:6      | 5204 ||| READING 2 scrolls of identify.
  5204 | D:6      | 5204 ||| IDENTIFYING yellow potion
  5205 | D:6      | 5205 ||| DROPPING potion of brilliance.
  5206 | D:6      | 5206 ||| Stepping randomly (stuck).
  5207 | D:6      | 5207 ||| Stepping randomly (stuck).
  5208 | D:6      | 5208 ||| Stepping randomly (stuck).
  5209 | D:6      | 5209 ||| Stepping randomly (stuck).
  5210 | D:6      | 5210 ||| Stepping randomly (stuck).
  5211 | D:6      | 5211 ||| Stepping randomly (stuck).
  5212 | D:6      | 5212 ||| Stepping randomly (stuck).
  5213 | D:6      | 5213 ||| Stepping randomly (stuck).
  5214 | D:6      | 5214 ||| Stepping randomly (stuck).
  5215 | D:6      | 5215 ||| Stepping randomly (stuck).
  5216 | D:6      | 5216 ||| Stepping randomly (stuck).
  5217 | D:6      | 5217 ||| Stepping randomly (stuck).
  5218 | D:6      | 5218 ||| Stepping randomly (stuck).
  5219 | D:6      | 5219 ||| Stepping randomly (stuck).
  5220 | D:6      | 5220 ||| Stepping randomly (stuck).
  5221 | D:6      | 5221 ||| Stepping randomly (stuck).
  5222 | D:6      | 5222 ||| Stepping randomly (stuck).
  5223 | D:6      | 5223 ||| Stepping randomly (stuck).
  5224 | D:6      | 5224 ||| Stepping randomly (stuck).
  5225 | D:6      | 5225 ||| Stepping randomly (stuck).
  5226 | D:6      | 5226 ||| Stepping randomly (stuck).
  5227 | D:6      | 5227 ||| Stepping randomly (stuck).
  5228 | D:6      | 5228 ||| Stepping randomly (stuck).
  5229 | D:6      | 5229 ||| Stepping randomly (stuck).
  5230 | D:6      | 5230 ||| Stepping randomly (stuck).
  5231 | D:6      | 5231 ||| Stepping randomly (stuck).
  5232 | D:6      | 5232 ||| Stepping randomly (stuck).
  5233 | D:6      | 5233 ||| Stepping randomly (stuck).
  5234 | D:6      | 5234 ||| Stepping randomly (stuck).
  5235 | D:6      | 5235 ||| Stepping randomly (stuck).
  5236 | D:6      | 5236 ||| Stepping randomly (stuck).
  5237 | D:6      | 5237 ||| Stepping randomly (stuck).
  5238 | D:6      | 5238 ||| Stepping randomly (stuck).
  5239 | D:6      | 5239 ||| Stepping randomly (stuck).
  5240 | D:6      | 5240 ||| Stepping randomly (stuck).
  5241 | D:6      | 5241 ||| Stepping randomly (stuck).
  5242 | D:6      | 5242 ||| Stepping randomly (stuck).
  5243 | D:6      | 5243 ||| Stepping randomly (stuck).
  5244 | D:6      | 5244 ||| Stepping randomly (stuck).
  5245 | D:6      | 5245 ||| Stepping randomly (stuck).
  5246 | D:6      | 5246 ||| Stepping randomly (stuck).
  5247 | D:6      | 5247 ||| Stepping randomly (stuck).
  5248 | D:6      | 5248 ||| Stepping randomly (stuck).
  5249 | D:6      | 5249 ||| Stepping randomly (stuck).
  5250 | D:6      | 5250 ||| Stepping randomly (stuck).
  5251 | D:6      | 5251 ||| Stepping randomly (stuck).
  5252 | D:6      | 5252 ||| Stepping randomly (stuck).
  5253 | D:6      | 5253 ||| Stepping randomly (stuck).
  5254 | D:6      | 5254 ||| Stepping randomly (stuck).
  5255 | D:6      | 5255 ||| Stepping randomly (stuck).
  5256 | D:6      | 5256 ||| Stepping randomly (stuck).
  5257 | D:6      | 5257 ||| READING scroll of teleportation.
  5262 | D:6      | 5262 ||| Stepping randomly (stuck).
  5263 | D:6      | 5263 ||| Stepping randomly (stuck).
  5264 | D:6      | 5264 ||| Stepping randomly (stuck).
  5265 | D:6      | 5265 ||| Stepping randomly (stuck).
  5266 | D:6      | 5266 ||| Stepping randomly (stuck).
  5267 | D:6      | 5267 ||| Stepping randomly (stuck).
  5268 | D:6      | 5268 ||| Stepping randomly (stuck).
  5269 | D:6      | 5269 ||| Stepping randomly (stuck).
  5270 | D:6      | 5270 ||| Stepping randomly (stuck).
  5271 | D:6      | 5271 ||| Stepping randomly (stuck).
  5272 | D:6      | 5272 ||| Stepping randomly (stuck).
  5273 | D:6      | 5273 ||| Stepping randomly (stuck).
  5274 | D:6      | 5274 ||| Stepping randomly (stuck).
  5275 | D:6      | 5275 ||| Stepping randomly (stuck).
  5276 | D:6      | 5276 ||| Stepping randomly (stuck).
  5277 | D:6      | 5277 ||| Stepping randomly (stuck).
  5278 | D:6      | 5278 ||| Stepping randomly (stuck).
  5279 | D:6      | 5279 ||| Stepping randomly (stuck).
  5280 | D:6      | 5280 ||| Stepping randomly (stuck).
  5281 | D:6      | 5281 ||| Stepping randomly (stuck).
  5282 | D:6      | 5282 ||| Stepping randomly (stuck).
  5283 | D:6      | 5283 ||| Stepping randomly (stuck).
  5284 | D:6      | 5284 ||| Stepping randomly (stuck).
  5285 | D:6      | 5285 ||| Stepping randomly (stuck).
  5286 | D:6      | 5286 ||| Stepping randomly (stuck).
  5287 | D:6      | 5287 ||| Stepping randomly (stuck).
  5288 | D:6      | 5288 ||| Stepping randomly (stuck).
  5289 | D:6      | 5289 ||| Stepping randomly (stuck).
  5290 | D:6      | 5290 ||| Stepping randomly (stuck).
  5291 | D:6      | 5291 ||| Stepping randomly (stuck).
  5292 | D:6      | 5292 ||| Stepping randomly (stuck).
  5293 | D:6      | 5293 ||| Stepping randomly (stuck).
  5294 | D:6      | 5294 ||| Stepping randomly (stuck).
  5295 | D:6      | 5295 ||| Stepping randomly (stuck).
  5296 | D:6      | 5296 ||| Stepping randomly (stuck).
  5297 | D:6      | 5297 ||| Stepping randomly (stuck).
  5298 | D:6      | 5298 ||| Stepping randomly (stuck).
  5299 | D:6      | 5299 ||| Stepping randomly (stuck).
  5300 | D:6      | 5300 ||| Stepping randomly (stuck).
  5301 | D:6      | 5301 ||| Stepping randomly (stuck).
  5302 | D:6      | 5302 ||| Stepping randomly (stuck).
  5303 | D:6      | 5303 ||| Stepping randomly (stuck).
  5304 | D:6      | 5304 ||| Stepping randomly (stuck).
  5305 | D:6      | 5305 ||| Stepping randomly (stuck).
  5306 | D:6      | 5306 ||| Stepping randomly (stuck).
  5307 | D:6      | 5307 ||| Stepping randomly (stuck).
  5308 | D:6      | 5308 ||| Stepping randomly (stuck).
  5309 | D:6      | 5309 ||| Stepping randomly (stuck).
  5310 | D:6      | 5310 ||| Stepping randomly (stuck).
  5311 | D:6      | 5311 ||| Stepping randomly (stuck).
  5312 | D:6      | 5312 ||| Stepping randomly (stuck).
  5313 | D:6      | 5313 ||| Stepping randomly (stuck).
  5314 | D:6      | 5314 ||| Stepping randomly (stuck).
  5315 | D:6      | 5315 ||| Stepping randomly (stuck).
  5316 | D:6      | 5316 ||| Stepping randomly (stuck).
  5317 | D:6      | 5317 ||| Stepping randomly (stuck).
  5318 | D:6      | 5318 ||| Stepping randomly (stuck).
  5319 | D:6      | 5319 ||| Stepping randomly (stuck).
  5320 | D:6      | 5320 ||| Stepping randomly (stuck).
  5321 | D:6      | 5321 ||| Stepping randomly (stuck).
  5322 | D:6      | 5322 ||| Stepping randomly (stuck).
  5323 | D:6      | 5323 ||| Stepping randomly (stuck).
  5324 | D:6      | 5324 ||| Stepping randomly (stuck).
  5325 | D:6      | 5325 ||| Stepping randomly (stuck).
  5326 | D:6      | 5326 ||| Stepping randomly (stuck).
  5327 | D:6      | 5327 ||| Stepping randomly (stuck).
  5328 | D:6      | 5328 ||| Stepping randomly (stuck).
  5329 | D:6      | 5329 ||| Stepping randomly (stuck).
  5330 | D:6      | 5330 ||| Stepping randomly (stuck).
  5331 | D:6      | 5331 ||| Stepping randomly (stuck).
  5332 | D:6      | 5332 ||| Stepping randomly (stuck).
  5333 | D:6      | 5333 ||| Stepping randomly (stuck).
  5334 | D:6      | 5334 ||| Stepping randomly (stuck).
  5335 | D:6      | 5335 ||| Stepping randomly (stuck).
  5336 | D:6      | 5336 ||| Stepping randomly (stuck).
  5337 | D:6      | 5337 ||| Stepping randomly (stuck).
  5338 | D:6      | 5338 ||| Stepping randomly (stuck).
  5339 | D:6      | 5339 ||| Stepping randomly (stuck).
  5340 | D:6      | 5340 ||| Stepping randomly (stuck).
  5341 | D:6      | 5341 ||| Stepping randomly (stuck).
  5342 | D:6      | 5342 ||| Stepping randomly (stuck).
  5343 | D:6      | 5343 ||| Stepping randomly (stuck).
  5344 | D:6      | 5344 ||| Stepping randomly (stuck).
  5345 | D:6      | 5345 ||| Stepping randomly (stuck).
  5346 | D:6      | 5346 ||| Stepping randomly (stuck).
  5347 | D:6      | 5347 ||| Stepping randomly (stuck).
  5348 | D:6      | 5348 ||| Stepping randomly (stuck).
  5349 | D:6      | 5349 ||| Stepping randomly (stuck).
  5350 | D:6      | 5350 ||| Stepping randomly (stuck).
  5351 | D:6      | 5351 ||| Stepping randomly (stuck).
  5352 | D:6      | 5352 ||| Stepping randomly (stuck).
  5353 | D:6      | 5353 ||| Stepping randomly (stuck).
  5354 | D:6      | 5354 ||| Stepping randomly (stuck).
  5355 | D:6      | 5355 ||| Stepping randomly (stuck).
  5356 | D:6      | 5356 ||| Stepping randomly (stuck).
  5357 | D:6      | 5357 ||| Stepping randomly (stuck).
  5358 | D:6      | 5358 ||| Stepping randomly (stuck).
  5359 | D:6      | 5359 ||| Stepping randomly (stuck).
  5360 | D:6      | 5360 ||| Stepping randomly (stuck).
  5361 | D:6      | 5361 ||| Stepping randomly (stuck).
  5362 | D:6      | 5362 ||| Stepping randomly (stuck).
  5363 | D:6      | 5363 ||| Stepping randomly (stuck).
  5364 | D:6      | 5364 ||| Stepping randomly (stuck).
  5365 | D:6      | 5365 ||| Stepping randomly (stuck).
  5366 | D:6      | 5366 ||| Stepping randomly (stuck).
  5367 | D:6      | 5367 ||| Stepping randomly (stuck).
  5368 | D:6      | 5368 ||| Stepping randomly (stuck).
  5369 | D:6      | 5369 ||| Stepping randomly (stuck).
  5370 | D:6      | 5370 ||| Stepping randomly (stuck).
  5371 | D:6      | 5371 ||| Stepping randomly (stuck).
  5372 | D:6      | 5372 ||| Stepping randomly (stuck).
  5373 | D:6      | 5373 ||| Stepping randomly (stuck).
  5374 | D:6      | 5374 ||| Stepping randomly (stuck).
  5375 | D:6      | 5375 ||| Stepping randomly (stuck).
  5376 | D:6      | 5376 ||| Stepping randomly (stuck).
  5377 | D:6      | 5377 ||| Stepping randomly (stuck).
  5378 | D:6      | 5378 ||| Stepping randomly (stuck).
  5379 | D:6      | 5379 ||| Stepping randomly (stuck).
  5380 | D:6      | 5380 ||| Stepping randomly (stuck).
  5381 | D:6      | 5381 ||| Stepping randomly (stuck).
  5382 | D:6      | 5382 ||| Stepping randomly (stuck).
  5383 | D:6      | 5383 ||| Stepping randomly (stuck).
  5384 | D:6      | 5384 ||| Stepping randomly (stuck).
  5385 | D:6      | 5385 ||| Stepping randomly (stuck).
  5386 | D:6      | 5386 ||| Stepping randomly (stuck).
  5387 | D:6      | 5387 ||| Stepping randomly (stuck).
  5388 | D:6      | 5388 ||| Stepping randomly (stuck).
  5389 | D:6      | 5389 ||| Stepping randomly (stuck).
  5390 | D:6      | 5390 ||| Stepping randomly (stuck).
  5391 | D:6      | 5391 ||| Stepping randomly (stuck).
  5392 | D:6      | 5392 ||| Stepping randomly (stuck).
  5393 | D:6      | 5393 ||| Stepping randomly (stuck).
  5394 | D:6      | 5394 ||| Stepping randomly (stuck).
  5395 | D:6      | 5395 ||| Stepping randomly (stuck).
  5396 | D:6      | 5396 ||| Stepping randomly (stuck).
  5397 | D:6      | 5397 ||| Stepping randomly (stuck).
  5398 | D:6      | 5398 ||| Stepping randomly (stuck).
  5399 | D:6      | 5399 ||| Stepping randomly (stuck).
  5400 | D:6      | 5400 ||| Stepping randomly (stuck).
  5401 | D:6      | 5401 ||| Stepping randomly (stuck).
  5402 | D:6      | 5402 ||| Stepping randomly (stuck).
  5403 | D:6      | 5403 ||| Stepping randomly (stuck).
  5404 | D:6      | 5404 ||| Stepping randomly (stuck).
  5405 | D:6      | 5405 ||| Stepping randomly (stuck).
  5406 | D:6      | 5406 ||| Stepping randomly (stuck).
  5407 | D:6      | 5407 ||| Stepping randomly (stuck).
  5408 | D:6      | 5408 ||| Stepping randomly (stuck).
  5409 | D:6      | 5409 ||| Stepping randomly (stuck).
  5410 | D:6      | 5410 ||| Stepping randomly (stuck).
  5411 | D:6      | 5411 ||| Stepping randomly (stuck).
  5412 | D:6      | 5412 ||| Stepping randomly (stuck).
  5413 | D:6      | 5413 ||| Stepping randomly (stuck).
  5414 | D:6      | 5414 ||| Stepping randomly (stuck).
  5415 | D:6      | 5415 ||| Stepping randomly (stuck).
  5416 | D:6      | 5416 ||| Stepping randomly (stuck).
  5417 | D:6      | 5417 ||| Stepping randomly (stuck).
  5418 | D:6      | 5418 ||| Stepping randomly (stuck).
  5419 | D:6      | 5419 ||| Stepping randomly (stuck).
  5420 | D:6      | 5420 ||| Stepping randomly (stuck).
  5421 | D:6      | 5421 ||| Stepping randomly (stuck).
  5422 | D:6      | 5422 ||| Stepping randomly (stuck).
  5423 | D:6      | 5423 ||| Stepping randomly (stuck).
  5424 | D:6      | 5424 ||| Stepping randomly (stuck).
  5425 | D:6      | 5425 ||| Stepping randomly (stuck).
  5426 | D:6      | 5426 ||| Stepping randomly (stuck).
  5427 | D:6      | 5427 ||| Stepping randomly (stuck).
  5428 | D:6      | 5428 ||| Stepping randomly (stuck).
  5429 | D:6      | 5429 ||| Stepping randomly (stuck).
  5430 | D:6      | 5430 ||| Stepping randomly (stuck).
  5431 | D:6      | 5431 ||| Stepping randomly (stuck).
  5432 | D:6      | 5432 ||| Stepping randomly (stuck).
  5433 | D:6      | 5433 ||| Stepping randomly (stuck).
  5434 | D:6      | 5434 ||| Stepping randomly (stuck).
  5435 | D:6      | 5435 ||| Stepping randomly (stuck).
  5436 | D:6      | 5436 ||| Stepping randomly (stuck).
  5437 | D:6      | 5437 ||| Stepping randomly (stuck).
  5438 | D:6      | 5438 ||| Stepping randomly (stuck).
  5439 | D:6      | 5439 ||| Stepping randomly (stuck).
  5440 | D:6      | 5440 ||| Stepping randomly (stuck).
  5441 | D:6      | 5441 ||| Stepping randomly (stuck).
  5442 | D:6      | 5442 ||| Stepping randomly (stuck).
  5443 | D:6      | 5443 ||| Stepping randomly (stuck).
  5444 | D:6      | 5444 ||| Stepping randomly (stuck).
  5445 | D:6      | 5445 ||| Stepping randomly (stuck).
  5446 | D:6      | 5446 ||| Stepping randomly (stuck).
  5447 | D:6      | 5447 ||| Stepping randomly (stuck).
  5448 | D:6      | 5448 ||| Stepping randomly (stuck).
  5449 | D:6      | 5449 ||| Stepping randomly (stuck).
  5450 | D:6      | 5450 ||| Stepping randomly (stuck).
  5451 | D:6      | 5451 ||| Stepping randomly (stuck).
  5452 | D:6      | 5452 ||| Stepping randomly (stuck).
  5453 | D:6      | 5453 ||| Stepping randomly (stuck).
  5454 | D:6      | 5454 ||| Stepping randomly (stuck).
  5455 | D:6      | 5455 ||| Stepping randomly (stuck).
  5456 | D:6      | 5456 ||| Stepping randomly (stuck).
  5457 | D:6      | 5457 ||| Stepping randomly (stuck).
  5458 | D:6      | 5458 ||| Stepping randomly (stuck).
  5459 | D:6      | 5459 ||| Stepping randomly (stuck).
  5460 | D:6      | 5460 ||| Stepping randomly (stuck).
  5461 | D:6      | 5461 ||| Stepping randomly (stuck).
  5462 | D:6      | 5462 ||| Stepping randomly (stuck).
  5463 | D:6      | 5463 ||| Stepping randomly (stuck).
  5464 | D:6      | 5464 ||| Stepping randomly (stuck).
  5465 | D:6      | 5465 ||| Stepping randomly (stuck).
  5466 | D:6      | 5466 ||| Stepping randomly (stuck).
  5467 | D:6      | 5467 ||| Stepping randomly (stuck).
  5468 | D:6      | 5468 ||| Stepping randomly (stuck).
  5469 | D:6      | 5469 ||| Stepping randomly (stuck).
  5470 | D:6      | 5470 ||| Stepping randomly (stuck).
  5471 | D:6      | 5471 ||| Stepping randomly (stuck).
  5472 | D:6      | 5472 ||| Stepping randomly (stuck).
  5473 | D:6      | 5473 ||| Stepping randomly (stuck).
  5474 | D:6      | 5474 ||| Stepping randomly (stuck).
  5475 | D:6      | 5475 ||| Stepping randomly (stuck).
  5476 | D:6      | 5476 ||| Stepping randomly (stuck).
  5477 | D:6      | 5477 ||| Stepping randomly (stuck).
  5478 | D:6      | 5478 ||| Stepping randomly (stuck).
  5479 | D:6      | 5479 ||| Stepping randomly (stuck).
  5480 | D:6      | 5480 ||| Stepping randomly (stuck).
  5481 | D:6      | 5481 ||| Stepping randomly (stuck).
  5482 | D:6      | 5482 ||| Stepping randomly (stuck).
  5483 | D:6      | 5483 ||| Stepping randomly (stuck).
  5484 | D:6      | 5484 ||| Stepping randomly (stuck).
  5485 | D:6      | 5485 ||| Stepping randomly (stuck).
  5486 | D:6      | 5486 ||| Stepping randomly (stuck).
  5487 | D:6      | 5487 ||| Stepping randomly (stuck).
  5488 | D:6      | 5488 ||| Stepping randomly (stuck).
  5489 | D:6      | 5489 ||| Stepping randomly (stuck).
  5490 | D:6      | 5490 ||| Stepping randomly (stuck).
  5491 | D:6      | 5491 ||| Stepping randomly (stuck).
  5492 | D:6      | 5492 ||| Stepping randomly (stuck).
  5493 | D:6      | 5493 ||| Stepping randomly (stuck).
  5494 | D:6      | 5494 ||| Stepping randomly (stuck).
  5495 | D:6      | 5495 ||| Stepping randomly (stuck).
  5496 | D:6      | 5496 ||| Stepping randomly (stuck).
  5497 | D:6      | 5497 ||| Stepping randomly (stuck).
  5498 | D:6      | 5498 ||| Stepping randomly (stuck).
  5499 | D:6      | 5499 ||| Stepping randomly (stuck).
  5500 | D:6      | 5500 ||| Stepping randomly (stuck).
  5501 | D:6      | 5501 ||| Stepping randomly (stuck).
  5502 | D:6      | 5502 ||| Stepping randomly (stuck).
  5503 | D:6      | 5503 ||| Stepping randomly (stuck).
  5504 | D:6      | 5504 ||| Stepping randomly (stuck).
  5504 | D:6      | 5504 ||| RIP SEWER
  5504 | D:6      | 5504 ||| PLANNING D:1-11
  5647 | D:7      | 5647 ||| PLANNING D:1-11
  5654 | D:7      | Noticed a yak
  5654 | D:7      | Noticed a yak
  5654 | D:7      | Noticed a yak
  5655 | D:7      | 5655 ||| Stepping ~*~*~tactically~*~*~ (stealth).
  5659 | D:7      | Found an opulent altar of Gozag.
  5659 | D:7      | Found an ornate altar of the Wu Jian Council.
  5659 | D:7      | Noticed a yak
  5659 | D:7      | Noticed a yak
  5659 | D:7      | Noticed a yak
  5660 | D:7      | 5660 ||| Stepping ~*~*~tactically~*~*~ (stealth).
  5665 | D:7      | 5665 ||| Stepping ~*~*~tactically~*~*~ (stealth).
  5673 | D:7      | Killed a yak
  5674 | D:7      | Reached XP level 9. HP: 18/55 MP: 9/9
  5674 | D:7      | HP: 11/55 [yak (7)]
  5675 | D:7      | 5675 ||| DRINKING potion of heal wounds.
  5677 | D:7      | Reached skill level 9 in Axes
  5682 | D:7      | HP: 9/55 [yak (5)]
  5683 | D:7      | HP: 2/55 [yak (7)]
  5690 | D:7      | Slain by a yak

Levels and vault maps discovered:
D:1:      saegor_arrival_simple_e, layout_loops_cross
D:2:      layout_basic, st_stairs_13, patterned_corridor
D:3:      layout_basic, mainiacjoe_overflow_boulevard,
          nicolae_ecumenical_pavilion
D:4:      layout_cave_pods, minmay_temple_entry_butterflies
D:5:      layout_rooms, nicolae_overflow_crystal_walls,
          nicolae_vehumet_altar_sigil, serial_bayou_lake_a, uniq_ijyb,
          uniq_menkaure, uniq_grinder
D:6:      layout_gridville, grunt_temple_overflow_open, portal_sewer_entry_d,
          minmay_strange_pillars
D:7:      layout_basic, okawaru_metal_pillars_1_2,
          mainiacjoe_overflow_large_starburst
Temple:   minmay_freezing_vapour_temple

Skill      XL: |  1  2  3  4  5  6  7  8  9 |
---------------+----------------------------+-----
Axes           | 2 3 4 5 6 7 8 9 |  9.4
Fighting       | 4 5 6 |  6.0
Dodging        | 1 |  1.6
Throwing       | 2 |  2.2
Armour         | 4 |  4.1
Shields        | 4 |  4.9

Action                     |  1- 3 |  4- 6 |  7- 9 || total
---------------------------+-------+-------+-------++-------
  Melee: War axe           |    99 |   144 |   105 ||   348
  Throw: Boomerang         |     6 |    57 |    34 ||    97
    Use: Scroll            |     4 |     7 |     8 ||    19
         Potion            |     1 |     1 |     1 ||     3
 Armour: Scale mail        |    54 |    31 |       ||    85
         Chain mail        |       |    53 |    79 ||   132
  Dodge: Dodged            |    43 |    52 |    46 ||   141
  Block: Buckler           |    20 |    19 |    21 ||    60

Table legend:
 A = Non-vault XP
 B = Vault XP
 C = Vault XP percentage of total XP
 D = Non-vault monster count
 E = Vault monster count
 F = Vault count percentage of total count
                 A         B        C        D         E       F
            +---------+---------+-------+---------+---------+-------
      Total |    2828 |     497 |  14.9 |     114 |       5 |   4.2
            +---------+---------+-------+---------+---------+-------
        D:1 |      30 |       0 |   0.0 |      15 |       0 |   0.0
        D:2 |      15 |      13 |  46.4 |       9 |       1 |  10.0
        D:3 |     123 |       0 |   0.0 |      35 |       0 |   0.0
        D:4 |     327 |       0 |   0.0 |      19 |       0 |   0.0
        D:5 |     471 |     470 |  49.9 |       8 |       3 |  27.3
        D:6 |     693 |      14 |   2.0 |      22 |       1 |   4.3
        D:7 |    1169 |       0 |   0.0 |       6 |       0 |   0.0
            +---------+---------+-------+---------+---------+-------
